 Dungeon Crawl Stone Soup version 0.25.1-2-g60ff931df9 (webtiles) character file.

Game seed: 11808909326652677944

2047 DungeonDestroyer the Cleaver (level 9, -5/75 HPs)
             Began as a Minotaur Fighter on Nov 5, 2020.
             Killed by divine providence
             ... invoked by an orc priest
              (11 damage)
             ... on level 6 of the Dungeon on Nov 6, 2020.
             The game lasted 00:09:31 (5380 turns).

DungeonDestroyer the Cleaver (Minotaur Fighter)     Turns: 5380, Time: 00:09:31

Health: -5/75      AC: 11    Str: 22 (24) XL:     9   Next: 4%
Magic:  10/10      EV:  8    Int:  4 (6)  God:
Gold:   211        SH: 11    Dex:  9 (11) Spells: 8/8 levels left

rFire    + . .     SeeInvis .   a - +0 war axe
rCold    . . .     Gourm    .   c - +0 kite shield
rNeg     . . .     Faith    .   b - +0 scale mail
rPois    +         Spirit   .   (helmet restricted)
rElec    .         Reflect  .   (no cloak)
rCorr    .         Harm     .   g - +1 pair of gloves
MR       +....                  q - +0 pair of boots (curse)
Stlth    ..........             (no amulet)
HPRegen  0.22/turn              h - ring of poison resistance
MPRegen  0.12/turn              (no ring)

@: no status effects
A: retaliatory headbutt, horns 2, fire resistance 1, magic resistance 1, strong
1, subdued magic 1
a: no special abilities


You were on level 6 of the Dungeon.
You were not hungry.

You visited 2 branches of the dungeon, and saw 7 of its levels.
You also visited: Sewer.

You collected 211 gold pieces.

Inventory:

Hand Weapons
 a - a +0 war axe (weapon)
 r - a +0 hand axe of electrocution
 s - a +0 morningstar
Missiles
 j - 2 javelins (quivered)
Armour
 b - a +0 scale mail (worn)
 c - a +0 kite shield (worn)
 g - a +1 pair of gloves (worn)
 q - a cursed +0 pair of boots (worn)
Jewellery
 h - a ring of poison resistance (left hand)
Wands
 n - a wand of digging (3)
 y - a wand of paralysis (8)
 B - a wand of flame (18)
Scrolls
 e - 6 scrolls of teleportation
 k - 4 scrolls of remove curse
 o - 5 scrolls of identify
 t - 4 scrolls of magic mapping
 u - 2 scrolls of blinking
 v - a scroll of holy word
 x - a scroll of fog
Potions
 d - 5 potions of might
 i - a potion of ambrosia
 l - 4 potions of curing
 m - 3 potions of brilliance
 p - a potion of magic
 w - a potion of flight
 z - a potion of heal wounds
Comestibles
 f - 10 rations
 A - 6 chunks of flesh


   Skills:
 + Level 6.2 Fighting
 + Level 8.3 Axes
 + Level 7.5 Armour
 + Level 7.6 Shields
 * Level 3.5 Evocations


You had 8 spell levels left.
You didn't know any spells.
Your spell library was empty.

Dungeon Overview and Level Annotations

Branches:
Dungeon (6/15)             Temple (1/1) D:5           Sewer (visited)

Altars:
Ashenzari
Fedhas
Gozag
Hepliaklqana
Qazlal
Sif Muna
Trog
Uskayaw
Vehumet
Xom
Yredelemnul
The Shining One

Annotations:
D:6 3 runed translucent doors, Cazemata's ghost, novice MiBe


Innate Abilities, Weirdness & Mutations

You reflexively headbutt those who attack you in melee.
You have a pair of horns on your head.
Your flesh is heat resistant. (rF+)
You are resistant to hostile enchantments. (MR+)
Your muscles are strong. (Str +2)
Your spells are a little easier to cast, but a little less powerful.


Message History

* * * LOW HITPOINT WARNING * * *
You block the orc's attack.
Unknown command.
Unknown command.
Unknown command.
Your shield prevents you from hitting the orc priest.
The orc priest is severely wounded.
You hit the orc. You hit the orc priest. You block the orc priest's attack.
The orc closely misses you. You block the orc priest's attack.
Unknown command.
Unknown command.
Unknown command.
You slash the orc priest!
You kill the orc priest!
You hit the orc but do no damage.
Your shield and scale mail prevent you from hitting the orc priest.
The orc barely misses you.
The orc priest calls down the wrath of Beogh upon you.
Beogh smites you!
You die...

#. #. #. .## ###
#. ..# #.. #. #.#
# ##### #.# #.
#.# .# #...# #.#
#.###.###.# #.#.#
#.#
##.#.#.)o......#
#.#.# #.#
.......†o@)..###
#.#.# #..
..#...####.#.#
#.#.# #.. .....
#>#.#####.#.# #.÷
#._.
#.#.......#.###..
...
#.#########......
.. #.# #####.. .
..# ### ###


You could see an orc priest and an orc.

Vanquished Creatures
  Pikel (D:5)
  An ice beast (D:5)
  2 ogres
  A centaur (D:5)
  4 bullfrogs
  A scorpion (D:4)
  2 crimson imps
  A jelly (D:5)
  A bullfrog skeleton (D:6)
  A centaur zombie (D:5)
  3 hounds
  An orc priest (D:6)
  Terence (D:3)
  Natasha (thrice) (D:2)
  3 iguanas
  6 worker ants
  A hound skeleton (D:4)
  A worker ant zombie (D:6)
  13 adders
  A howler monkey skeleton (D:5)
  4 river rats (Sewer)
  2 shadow imps
  4 oozes
  An adder skeleton (D:6)
  2 worms
  5 dart slugs
  6 leopard geckos
  7 orcs
  11 bats
  9 giant cockroaches
  8 goblins
  4 hobgoblins
  3 jackals (D:2)
  5 kobolds
  A quokka (D:4)
  10 ball pythons (Sewer)
  6 frilled lizards
  A leopard gecko skeleton (D:4)
  30 rats
167 creatures vanquished.

Vanquished Creatures (others)
  An ogre (D:5)
  A shadow imp (D:5)
  An adder skeleton (D:5)
3 creatures vanquished.

Grand Total: 170 creatures vanquished

Notes
Turn   | Place    | Note
-------+----------+-------------------------------------------
     0 | D:1      | DungeonDestroyer the Minotaur Fighter began the quest for
                  | the Orb.
     0 | D:1      | Reached XP level 1. HP: 19/19 MP: 0/0
   161 | D:1      | Reached XP level 2. HP: 27/27 MP: 1/1
   438 | D:1      | Reached XP level 3. HP: 33/33 MP: 2/2
   640 | D:2      | Reached skill level 3 in Axes
   893 | D:2      | Reached XP level 4. HP: 40/40 MP: 3/3
   902 | D:2      | Found a blossoming altar of Fedhas.
   970 | D:2      | Noticed Natasha
   981 | D:2      | Killed Natasha
  1256 | D:2      | Noticed Natasha
  1265 | D:2      | Killed Natasha
  1265 | D:2      | Reached skill level 4 in Axes
  1303 | D:2      | Reached XP level 5. HP: 47/47 MP: 4/4
  1311 | D:2      | Noticed Natasha
  1316 | D:2      | Killed Natasha
  1456 | D:2      | Found a glowing golden altar of the Shining One.
  1557 | D:2      | Gained mutation: Your flesh is heat resistant. (rF+)
                  | [potion of mutation]
  1557 | D:2      | Gained mutation: Your spells are a little easier to cast,
                  | but a little less powerful. [potion of mutation]
  1557 | D:2      | Gained mutation: You are resistant to hostile enchantments.
                  | (MR+) [potion of mutation]
  1557 | D:2      | Gained mutation: Your muscles are strong. (Str +2) [potion
                  | of mutation]
  2029 | D:3      | Noticed Terence
  2035 | D:3      | Killed Terence
  2476 | D:3      | Reached skill level 5 in Axes
  2476 | D:3      | Reached skill level 5 in Armour
  2581 | D:4      | Reached XP level 6. HP: 53/53 MP: 5/5
  2610 | D:4      | Reached skill level 5 in Shields
  3609 | D:5      | Entered Level 5 of the Dungeon
  3634 | D:5      | Found a glowing drain.
  3660 | Sewer    | Entered a sewer
  3683 | Sewer    | Reached skill level 6 in Axes
  3683 | Sewer    | Reached XP level 7. HP: 59/60 MP: 6/6
  3978 | Sewer    | Reached skill level 5 in Fighting
  3978 | Sewer    | Reached skill level 1 in Evocations
  4110 | D:5      | Found a staircase to the Ecumenical Temple.
  4155 | Temple   | Entered the Ecumenical Temple
  4511 | D:5      | Reached XP level 8. HP: 55/68 MP: 8/8
  4531 | D:5      | Noticed Pikel
  4533 | D:5      | Paralysed by Pikel for 4 turns
  4541 | D:5      | Killed Pikel
  4541 | D:5      | Reached skill level 7 in Axes
  5240 | D:6      | Found a runed translucent gate.
  5242 | D:6      | Found a runed translucent gate.
  5242 | D:6      | Found a runed translucent gate.
  5243 | D:6      | Found an opulent altar of Gozag.
  5244 | D:6      | Noticed Cazemata's ghost (novice MiBe)
  5281 | D:6      | Reached skill level 8 in Axes
  5333 | D:6      | Found a radiant altar of Vehumet.
  5340 | D:6      | Reached XP level 9. HP: 23/75 MP: 10/10
  5380 | D:6      | Killed from afar by an orc priest

Illustrated notes

Levels and vault maps discovered:
D:1:      lemuel_arrival_rhombus, layout_loops_ring,
          chequers_hall_statues_wall_a
D:2:      layout_basic, marbit_many_paths, lemuel_doored_altar, first_ration,
          uniq_natasha
D:3:      layout_loops_ring, uniq_terence
D:4:      layout_loops_cross
D:5:      layout_loops_ring, minmay_temple_entry_mini_moons,
          portal_sewer_entry_f, uniq_pikel
D:6:      layout_loops_ring, old_standard_altar, ebering_ghost_gozag,
          vehumet_altar_wand_db, uniq_menkaure
Temple:   dpeg_chambers_temple

Skill      XL: |  1  2  3  4  5  6  7  8 |
---------------+-------------------------+-----
Fighting       | 4 5 6 |  6.2
Armour         | 4 5 6 7 |  7.5
Shields        | 4 5 6 7 |  7.6
Axes           | 3 4 5 6 8 |  8.3
Evocations     | 2 3 |  3.5

Action                   |  1- 3 |  4- 6 |  7- 9 || total
-------------------------+-------+-------+-------++-------
Melee: War axe           |    60 |    69 |    72 ||   201
       Headbutt          |     9 |    30 |    28 ||    67
       Hand axe          |       |    75 |   113 ||   188
  Use: Scroll            |     4 |     5 |     1 ||    10
       Potion            |     1 |     6 |     4 ||    11
  Eat: Chunk             |       |     8 |     2 ||    10
       Ration            |       |     1 |     1 ||     2
Armor: Scale mail        |    22 |    44 |    90 ||   156
Dodge: Dodged            |    10 |    27 |    56 ||    93
Block: Kite shield       |    30 |    66 |   111 ||   207
